 Dungeon Crawl Stone Soup version 0.26-a0-651-gb41185065b (console) character file.

Game seed: 14503284983236300297

5875 om the Cleaver (level 10, -4/91 HPs)
             Began as a Deep Dwarf Fighter on Sept 28, 2020.
             Was a Believer of Makhleb.
             Slain by a hornet (6 damage)
             ... while paralysed by a hornet
             ... on level 11 of the Dungeon.
             The game lasted 00:18:28 (8481 turns).

om the Cleaver (Deep Dwarf Fighter)                 Turns: 8481, Time: 00:18:28

Health: -4/91      AC: 15    Str: 22      XL:     10   Next: 52%
Magic:  8/8        EV:  2    Int: 10      God:    Makhleb [**....]
Gold:   390        SH:  0    Dex: 11 (12) Spells: 9/9 levels left

rFire    + . .     SeeInvis .   a - +0 war axe
rCold    . . .     Faith    .   c - +0 kite shield
rNeg     . . .     Spirit   .   t - +0 plate armour
rPois    +         Reflect  .   o - +0 helmet
rElec    .         Harm     .   r - +2 cloak {rPois}
rCorr    .         Rampage  .   F - +0 pair of gloves
MR       +....                  (no boots)
Stlth    ..........             (no amulet)
HPRegen  0.00/turn              n - ring of protection from fire
MPRegen  0.11/turn              g - ring of flight

@: paralysed, corroded, non-regenerating
A: damage resistance, heal wounds, sense surroundings 2, no regeneration
a: Heal Wounds, Minor Destruction, Renounce Religion, Evoke Flight


You were on level 11 of the Dungeon.
You worshipped Makhleb.
Makhleb was pleased with you.
You visited 2 branches of the dungeon, and saw 12 of its levels.

You collected 532 gold pieces.
You spent 142 gold pieces at shops.

Inventory:

Hand Weapons
 a - a +0 war axe (weapon)
 y - a +5 battleaxe of freezing
Armour
 c - a +0 kite shield (worn)
 o - a +0 helmet (worn)
 r - a +2 cloak of poison resistance (worn)
 t - a +0 plate armour (worn)
 F - a +0 pair of gloves (worn)
Jewellery
 g - a ring of flight (right hand)
 n - a ring of protection from fire (left hand)
 z - the ring "Noin Emua" {*Corrode rC+ Int+7}
   (You found it on level 8 of the Dungeon)

   [ring of protection from cold]

   It affects your intelligence (+7).
   It protects you from cold.
   It may corrode you when you take damage.
Wands
 d - a wand of enslavement (1)
 e - a wand of random effects (34)
 f - a wand of paralysis (9)
 m - a wand of iceblast (19)
 C - a wand of polymorph (4)
 G - a wand of digging (7)
 I - a wand of acid (8)
Scrolls
 h - 9 scrolls of teleportation
 k - 2 scrolls of blinking
 p - 2 scrolls of fog
 u - a scroll of magic mapping
 v - 2 scrolls of enchant armour
 w - a scroll of fear {unknown}
 x - a scroll of immolation {unknown}
 A - a scroll of vulnerability {unknown}
 D - a scroll of summoning {unknown}
 E - 2 scrolls of remove curse
 H - a scroll of amnesia {unknown}
Potions
 b - 2 potions of cancellation
 i - 2 potions of curing
 j - 2 potions of resistance
 l - 4 potions of haste
 q - a potion of stabbing
 s - a potion of brilliance {unknown}
 B - a potion of lignification


   Skills:
 - Level 6.0 Fighting
 * Level 10.3 Axes
 + Level 7.9 Armour
 + Level 6.9 Dodging
 + Level 7.9 Shields
 - Level 3.0 Invocations


You had 9 spell levels left.
You didn't know any spells.
Your spell library contained the following spells:

 Spells                   Type           Power        Failure   Level
 Beastly Appendage        Tmut           #.....       100%        1
 Wereblood                Tmut           #.......     100%        2
 Spider Form              Tmut/Pois      #.........   100%        3
 Ice Form                 Ice/Tmut       #.......     100%        4
 Blade Hands              Tmut           #.........   100%        5


Dungeon Overview and Level Annotations

Branches:
Dungeon (11/15)            Temple (1/1) D:7             Orc (0/2) D:9
   Lair: D:8-11

Altars:
Ashenzari
Cheibriados
Dithmenos
Elyvilon
Fedhas
Gozag
Hepliaklqana
Kikubaaqudgha
Makhleb
Nemelex Xobeh
Okawaru
Qazlal
Ru
Sif Muna
Trog
Uskayaw
Vehumet
Wu Jian
Xom
Yredelemnul
Zin
The Shining One

Shops:
D:6 [   D:7 !*   D:9 ?(


Innate Abilities, Weirdness & Mutations

You are resistant to damage.
You can heal yourself by infusing magical energy.
You passively map the area around you.
You do not regenerate.


Message History

The centaur hits you.
You see here a stone.
You hit the brown ugly thing but do no damage.
The brown ugly thing is lightly wounded.
You slash the centaur! You slash the kobold!
You kill the kobold!
Makhleb accepts your kill.
You feel better.
You closely miss the hornet. You block the centaur's attack.
The hornet stings you!
* * * LOW HITPOINT WARNING * * *
You suddenly lose the ability to move!
The brown ugly thing stings you but does no damage.
The centaur barely misses you. The hornet stings you!
* * * LOW HITPOINT WARNING * * *
The orc wizard casts a spell.
The orc wizard blinks!
The centaur hits you.
* * * LOW HITPOINT WARNING * * *
The brown ugly thing stings you but does no damage.
The hornet stings you!
You die...

, , , , , ,, * , ,,
, * ...... ,,.###
#....,,, .... #...
, , , . .F.#* #..
*#####
,..##..###.###....#
,
....!.....K......#
#......(Kcoy....# ,
*#.....lKKu@.o...#
, #.(..o.Z#########
#.......# , , * ,
##...?..#, ,, , * *
#.<.....,, ,,* *
**#......u^ , , , *
,* #....###.. , , *
#.#.. * #.. * , ,
*, , ** ,,, ,* * ,
,* ,*


You could see a brown ugly thing, a hornet, an orc warrior, a big kobold, a
centaur, an iguana, an orc wizard, an orc, 3 kobolds and a centaur warrior
skeleton.

Vanquished Creatures
  Erica (D:9)
  Pikel (D:6)
  Psyche (D:8)
  Maggie (D:9)
  Grinder (D:3)
  Menkaure (D:7)
  2 orc warriors (D:8)
  An ice beast (D:9)
  2 sky beasts
  A black bear (D:9)
  4 ogres
  A necrophage (D:9)
  3 centaurs
  A big kobold (D:5)
  3 bullfrogs
  A water moccasin skeleton (D:10)
  2 scorpions
  11 killer bees
  14 wights
  2 quasits
  2 jellies
  Crazy Yiuf (D:3)
  7 hounds
  3 orc priests
  5 orc wizards
  Terence (D:2)
  An iguana (D:6)
  6 worker ants
  A hound skeleton (D:9)
  A worker ant zombie (D:5)
  Robin (D:1)
  8 gnolls
  18 adders
  A shadow imp (D:5)
  4 white imps
  3 oozes
  2 ufetubi (D:6)
  An adder zombie (D:5)
  A worm (D:2)
  4 dart slugs
  2 leopard geckos
  23 orcs
  6 giant cockroaches
  8 hobgoblins
  3 jackals (D:7)
  2 quokkas
  4 bats
  3 frilled lizards
  18 goblins
  16 kobolds
  3 rats
213 creatures vanquished.

Vanquished Creatures (others)
  8 plants (D:11)
8 creatures vanquished.

Grand Total: 221 creatures vanquished

Notes
Turn   | Place    | Note
-------+----------+-------------------------------------------
     0 | D:1      | om the Deep Dwarf Fighter began the quest for the Orb.
     0 | D:1      | Reached XP level 1. HP: 20/20 MP: 1/1
   269 | D:1      | Reached XP level 2. HP: 24/27 MP: 2/2
   571 | D:2      | Noticed Robin
   577 | D:1      | Killed Robin
   577 | D:1      | Reached XP level 3. HP: 28/33 MP: 3/3
   585 | D:1      | Reached skill level 3 in Axes
   590 | D:1      | Reached skill level 1 in Dodging
   956 | D:2      | Reached XP level 4. HP: 19/42 MP: 4/4
  1237 | D:2      | Noticed Terence
  1260 | D:2      | Killed Terence
  1791 | D:3      | Noticed Grinder
  1802 | D:3      | Killed Grinder
  1802 | D:3      | Reached skill level 4 in Axes
  1802 | D:3      | Reached XP level 5. HP: 24/49 MP: 5/5
  1802 | D:3      | Reached XP level 6. HP: 27/56 MP: 6/6
  1828 | D:3      | Found a runed translucent door.
  1829 | D:3      | Noticed Crazy Yiuf
  2693 | D:3      | Killed Crazy Yiuf
  3065 | D:4      | Reached skill level 5 in Axes
  3495 | D:4      | Reached XP level 7. HP: 25/63 MP: 7/7
  3692 | D:4      | Found a shimmering blue altar of Sif Muna.
  3899 | D:4      | Reached skill level 5 in Shields
  4079 | D:5      | Entered Level 5 of the Dungeon
  4209 | D:5      | Reached skill level 6 in Axes
  4209 | D:5      | Reached skill level 5 in Armour
  4272 | D:5      | Found a broken altar of Ashenzari.
  4417 | D:5      | Reached XP level 8. HP: 38/72 MP: 7/7
  4459 | D:6      | Found Jeluvis's Antique Armour Shop.
  4491 | D:6      | Noticed Pikel
  4518 | D:6      | Killed Pikel
  4518 | D:6      | Reached skill level 7 in Axes
  4697 | D:6      | Reached skill level 5 in Fighting
  5054 | D:6      | Gained mutation: You passively map the area around you.
                  | [Deep Dwarf growth]
  5054 | D:6      | Reached XP level 9. HP: 19/81 MP: 8/8
  5084 | D:7      | Reached skill level 8 in Axes
  5084 | D:7      | Reached skill level 5 in Dodging
  5137 | D:7      | Found a staircase to the Ecumenical Temple.
  5152 | Temple   | Entered the Ecumenical Temple
  5330 | Temple   | Became a worshipper of Makhleb the Destroyer
  5462 | D:7      | Reached skill level 1 in Invocations
  5954 | D:7      | Found Haomi's Assorted Antiques.
  5978 | D:7      | Bought a scroll of identify for 54 gold pieces
  6077 | D:7      | Found Kullel's Distillery.
  6084 | D:7      | Noticed Menkaure
  6090 | D:7      | Reached * piety under Makhleb
  6093 | D:7      | Killed Menkaure
  6103 | D:7      | Bought a potion of heal wounds for 60 gold pieces
  6413 | D:8      | Reached skill level 9 in Axes
  6636 | D:8      | Got a pitted bronze ring
  6687 | D:8      | Identified the ring "Noin Emua" {*Corrode rC+ Int+7} (You
                  | found it on level 8 of the Dungeon)
  6785 | D:8      | Noticed Psyche
  6793 | D:8      | Killed Psyche
  6793 | D:8      | Reached XP level 10. HP: 69/91 MP: 9/9
  7127 | D:9      | Found Ubrulonoty's Weapon Boutique.
  7128 | D:9      | Found a staircase to the Orcish Mines.
  7134 | D:9      | Reached ** piety under Makhleb
  7417 | D:9      | Noticed Maggie
  7465 | D:9      | Killed Maggie
  7538 | D:9      | Noticed Erica
  7582 | D:9      | Killed Erica
  7582 | D:9      | Reached skill level 10 in Axes
  7738 | D:9      | Found Qiahaast's Magic Scroll Emporium.
  7745 | D:9      | Bought a scroll of identify for 28 gold pieces
  8018 | D:10     | Entered Level 10 of the Dungeon
  8465 | D:11     | Noticed a brown ugly thing
  8480 | D:11     | Paralysed by a hornet for 3 turns
  8481 | D:11     | HP: 2/91 [centaur (3)]
  8481 | D:11     | Slain by a hornet

Illustrated notes

Levels and vault maps discovered:
D:1:      saegor_arrival_simple_c, layout_loops_cross, minmay_liquid_box,
          grunt_decor_cap
D:2:      layout_basic, uniq_terence, uniq_robin
D:3:      minmay_chambers_of_twos, layout_basic, minmay_tree_intersection,
          uniq_grinder, uniq_crazy_yiuf_cottage
D:4:      layout_basic, tgw_sif, kennysheep_generic_room_7
D:5:      layout_basic, evilmike_ruin_ashenzari
D:6:      layout_rooms, serial_curves, eino_curves_03, eino_curves_04,
          serial_shops, kennysheep_little_box, uniq_pikel
D:7:      layout_gridville, minmay_temple_entry_waves, serial_shops,
          nicolae_shop_waterfront, shop, uniq_menkaure
D:8:      wander_river, layout_gridville, minmay_microvault, uniq_psyche
D:9:      layout_stronghold, orc_david_3, serial_shops, shop, uniq_maggie,
          uniq_erica
D:10:     layout_layer_cave, hangedman_abyss_or_decor_lesser_grid, uniq_joseph
D:11:     layout_rooms, david_lair_shrubbed, basic_altar
Temple:   kilobyte_greek_temple

Skill      XL: |  1  2  3  4  5  6  7  8  9 10 |
---------------+-------------------------------+-----
Axes           | 3 4 5 6 7 9 10 | 10.3
Dodging        | 1 2 3 4 6 |  6.9
Fighting       | 3 4 5 6 |  6.0
Armour         | 4 5 6 7 |  7.9
Shields        | 4 5 6 7 |  7.9
Invocations    | 3 |  3.0

Action                   |  1- 3 |  4- 6 |  7- 9 | 10-12 || total
-------------------------+-------+-------+-------+-------++-------
Melee: War axe           |    83 |   208 |   595 |   221 ||  1107
 Abil: Heal Wounds       |       |     3 |    11 |     1 ||    15
Evoke: Wand              |       |       |     1 |     1 ||     2
  Use: Scroll            |       |     7 |     8 |     3 ||    18
       Potion            |       |     2 |     2 |     3 ||     7
 Stab: Paralysed         |       |       |     2 |       ||     2
Armor: Chain mail        |    56 |    72 |       |       ||   128
       Plate armour      |       |    46 |   408 |   169 ||   623
Dodge: Dodged            |    23 |    54 |   159 |    55 ||   291
Block: Kite shield       |    67 |   131 |   385 |   133 ||   716

Table legend: (Time is in decaauts)
 A = Elapsed time spent in this place.
 B = Non-inter-level travel time spent in this place.
 C = Inter-level travel time spent in this place.
 D = Time resting spent in this place.
 E = Time spent auto-exploring this place.
 F = Levels seen in this place.
 G = Mean time per level.
                   A        B        C        D        E       F      G
               +--------+--------+--------+--------+--------+-----+--------+
         Total |   8736 |   8169 |    567 |    902 |   4893 |  12 |  728.0 |
       Dungeon |   8519 |   8016 |    503 |    902 |   4757 |  11 |  774.5 |
        Temple |    216 |    152 |     64 |      0 |    136 |   1 |  216.0 |
               +--------+--------+--------+--------+--------+-----+--------+

Top non-repeatable levels by time:
     D:4: 1314 daAuts
     D:3: 1268 daAuts
     D:9: 1059 daAuts
     D:7: 1050 daAuts
     D:2: 996 daAuts
     D:8: 731 daAuts
     D:6: 657 daAuts
     D:1: 638 daAuts
     D:5: 406 daAuts
    D:10: 374 daAuts
  Temple: 216 daAuts
    D:11: 21 daAuts
